 Dungeon Sprint DCSS version 0.22.1-1-ga44c0e56f4 (webtiles) character file.

258 MuseOD the Covert (level 5, 0/29 (30) HPs)
             Began as a Spriggan Enchanter on Sept 22, 2018.
             Slain by a necrophage (5 damage)
             ... in the Dungeon (Sprint II: "The Violet Keep of Menkaure").
             The game lasted 00:00:15 (30 turns).

MuseOD the Covert (Spriggan Enchanter)                Turns: 30, Time: 00:00:15

HP:   0/29 (30)     AC:  2    Str:  4    XL:     5   Next: 94%
MP:   10/10         EV: 18    Int: 18    God:
Gold: 0             SH:  0    Dex: 16    Spells: 8/9 levels left

rFire    . . .     SeeInvis +   a - +1 dagger
rCold    . . .     Gourm    .   (shield restricted)
rNeg     . . .     Faith    .   b - +0 robe
rPois    .         Spirit   .   (helmet restricted)
rElec    .         Reflect  .   (no cloak)
rCorr    .         Harm     .   (gloves unavailable)
MR       .....     NoTele   +   (boots unavailable)
Stlth    +++++.....             (no amulet)
HPRegen  0.09/turn              (no ring)
MPRegen  0.12/turn              (no ring)

@: berserk cooldown, slowed, quick
A: very small, unfitting armour, see invisible, herbivore, speed 3, slow
metabolism 2
a: no special abilities


You were in the Dungeon.
You were not hungry.

You visited 1 branch

Inventory:

Hand Weapons
 a - a +1 dagger (weapon)
Armour
 b - a +0 robe (worn)
Scrolls
 j - a scroll of blinking
Potions
 e - a potion of curing
 f - a potion of heal wounds
 g - a potion of haste
 h - 2 potions of magic
Comestibles
 d - a ration


   Skills:
 + Level 4.9 Fighting
 * Level 9.5 Short Blades
 - Level 3.0 Dodging
 + Level 10.4 Stealth
 - Level 2.6 Spellcasting
 - Level 3.6 Hexes


You had 8 spell levels left.
You knew the following spells:

 Your Spells              Type           Power        Failure   Level  Hunger
a - Corona                Hex            ###....      3%          1    #......

Your spell library contained the following spells:

 Spells                   Type           Power        Failure   Level  Hunger
 Ensorcelled Hibernation  Hex/Ice        #.....       12%         2    ##.....
 Confuse                  Hex            ###.....     12%         3    ###....
 Tukima's Dance           Hex            ###.....     12%         3    ###....
 Dazzling Spray           Conj/Hex       #.....       24%         3    ###....


Dungeon Overview and Level Annotations

Branches:
Dungeon (1/1)

Altars:


Innate Abilities, Weirdness & Mutations

You are very small and have problems with some larger weapons.
You are too small for most types of armour.
You have supernaturally acute eyesight. (SInv)
You are a herbivore.
You cover ground extremely quickly.
You need to consume almost no food.


Message History

The necrophage is moderately damaged.
You hit the necrophage.
The necrophage is heavily damaged.
The necrophage hits you.
You closely miss the necrophage.
The necrophage is heavily damaged.
You are no longer berserk.
You are exhausted.
You feel yourself slow down.
You hit the necrophage but do no damage.
The necrophage is heavily damaged.
The necrophage hits you!
* * * LOW HITPOINT WARNING * * *
You feel your flesh rotting away!
You hit the necrophage but do no damage.
The necrophage is heavily damaged.
You hit the necrophage.
The necrophage is heavily damaged.
The necrophage hits you.
You die...

## ## ##$
.## .w w. #
.#. # ##.
#+# .#
#...##.##H#
#$n@<.+#
#...##.##H#
##. #+# .#
# #


You could see a necrophage.

Vanquished Creatures
  3 necrophages (D)
3 creatures vanquished.

Notes
Turn   | Place    | Note
-------+----------+-------------------------------------------
     0 | D        | MuseOD the Spriggan Enchanter began the quest for the Orb.
     0 | D        | Reached XP level 1. HP: 9/9 MP: 5/5
     1 | D        | Noticed a hippogriff
     1 | D        | Noticed a hippogriff
     4 | D        | Noticed a tyrant leech
     4 | D        | Noticed a tyrant leech
     7 | D        | Noticed a necrophage
     7 | D        | Noticed a necrophage
     7 | D        | Noticed a necrophage
     7 | D        | Noticed a necrophage
    16 | D        | Killed a necrophage
    16 | D        | Reached skill level 7 in Stealth
    16 | D        | Reached XP level 2. HP: 9/16 MP: 6/6
    16 | D        | Reached XP level 3. HP: 12/20 MP: 8/8
    16 | D        | Reached XP level 4. HP: 14/24 MP: 9/9
    19 | D        | Killed a necrophage
    19 | D        | Reached skill level 9 in Stealth
    19 | D        | Reached XP level 5. HP: 18/29 MP: 10/10
    24 | D        | Killed a necrophage
    24 | D        | Reached skill level 10 in Stealth
    30 | D        | Slain by a necrophage

Skill      XL: |  1  2  3  4  5 |
---------------+----------------+-----
Fighting       | 3 4 |  4.9
Short Blades   | 6 8 9 |  9.5
Stealth        | 7 9 10 | 10.4
Dodging        | |  3.0
Spellcasting   | |  2.6
Hexes          | |  3.6

Action                   |  1- 3 |  4- 6 || total
-------------------------+-------+-------++-------
Melee: Dagger            |     8 |    14 ||    22
  Use: Potion            |     1 |       ||     1
Dodge: Dodged            |     2 |     3 ||     5
